 Dungeon Crawl Stone Soup version 0.27-a0-1555-g0e7b3fb1d2 (webtiles) character file.

Game seed: 5767544759119253721

37 WhootySlayer the Cutter (level 3, 0/24 HPs)
             Began as a Kobold Berserker on July 14, 2021.
             Was a Follower of Trog.
             Slain by Jessica (6 damage)
             ... on level 2 of the Dungeon.
             The game lasted 00:01:44 (1700 turns).

WhootySlayer the Cutter (Kobold Berserker)          Turns: 1700, Time: 00:01:45

Health: 0/24       AC:  9    Str: 15    XL:     3   Next: 60%
Magic:  3/3        EV: 14    Int:  8    God:    Trog [*.....]
Gold:   16         SH:  0    Dex: 14    Spells: 2/2 levels left

rFire    . . .     SeeInvis .   h - +1 dagger (protect)
rCold    . . .     Faith    .   (shield restricted)
rNeg     . . .     Spirit   .   b - +0 animal skin
rPois    .         Reflect  .   (no helmet)
rElec    .         Harm     .   (no cloak)
rCorr    .         Rampage  .   (no gloves)
Will     .....                  (no boots)
Stlth    ++........             (no amulet)
HPRegen  0.08/turn              (no ring)
MPRegen  0.08/turn              (no ring)

@: under a protective aura
A: small, no large weapons, nightstalker 3
a: Renounce Religion, Berserk


You were on level 2 of the Dungeon.
You worshipped Trog.
Trog was aware of your devotion.
You visited 1 branch of the dungeon, and saw 2 of its levels.

You collected 16 gold pieces.

Inventory:

Hand Weapons
 a - a +0 short sword
 h - a +1 dagger of protection (weapon)
Armour
 b - a +0 animal skin (worn)
Jewellery
 d - an amulet of the acrobat
Scrolls
 e - a scroll of fear {unknown}
 f - 3 scrolls of noise {unknown}
 g - a scroll of identify {unknown}
Potions
 c - a potion of attraction {unknown}


   Skills:
 + Level 4.1 Fighting
 + Level 5.0 Short Blades
 - Level 1.5 Armour
 - Level 2.4 Dodging


You had 2 spell levels left.
You didn't know any spells.
Your spell library was empty.

Dungeon Overview and Level Annotations

Branches:
Dungeon (2/15)

Altars:

Shops:
D:1 ?

Annotations:
D:2 Jessica


Innate Abilities, Weirdness & Mutations

You are small and have problems with some larger weapons.
You are completely attuned to the shadows.


Message History

You closely miss the goblin.
The goblin is moderately wounded.
The goblin hits you but does no damage.
You hit the goblin.
You kill the goblin!
Trog accepts your kill.
You barely miss Jessica.
Jessica gestures wildly while chanting.
Jessica blinks!
You hit Jessica but do no damage. You hit Jessica but do no damage.
Jessica casts a spell.
Jessica seems to speed up.
You closely miss Jessica. Jessica barely misses you.
You hit Jessica.
Jessica is moderately wounded.
Jessica gestures at you while chanting. Pain shoots through your body!
You hit Jessica.
Jessica is moderately wounded.
Jessica misses you.
You barely miss Jessica.
Jessica is moderately wounded.
Jessica closely misses you.
You hit Jessica.
Jessica is severely wounded.
Jessica hits you but does no damage. Jessica casts a spell at you.
Pain shoots through your body!
* * * LOW HITPOINT WARNING * * *
You barely miss Jessica.
Jessica is severely wounded.
Jessica hits you but does no damage.
You hit Jessica.
Jessica is almost dead.
Jessica hits you but does no damage.
You hit Jessica but do no damage.
Jessica is almost dead.
Jessica hits you with a +0 club.
You die...

######## #.# #.# #.#
##########)##
#.......@@..#
#...........#
#...........#
#####...........#
####...#.....(.....#
.......'...).......#
####...#...........#
#...#...........#
#...#############


You could see Jessica (fast).

Vanquished Creatures
  A dart slug (D:1)
  3 giant cockroaches (D:1)
  A hobgoblin (D:1)
  4 jackals (D:1)
  2 quokkas (D:1)
  2 ball pythons (D:1)
  3 bats (D:1)
  A frilled lizard (D:1)
  7 goblins
  2 kobolds (D:1)
  5 rats (D:1)
31 creatures vanquished.

Notes
Turn   | Place    | Note
-------+----------+-------------------------------------------
     0 | D:1      | WhootySlayer the Kobold Berserker began the quest for the
                  | Orb.
     0 | D:1      | Reached XP level 1. HP: 14/14 MP: 1/1
    61 | D:1      | Reached XP level 2. HP: 16/19 MP: 2/2
   888 | D:1      | Reached XP level 3. HP: 24/24 MP: 3/3
   888 | D:1      | Found Metept's Magic Scroll Shoppe.
  1672 | D:2      | Reached skill level 5 in Short Blades
  1683 | D:2      | Noticed Jessica
  1700 | D:2      | Slain by Jessica

Illustrated notes

Levels and vault maps discovered:
D:1:      minmay_arrival_five_plusses, layout_basic, serial_shops, shop_scrolls,
          nrook_mini_vaults, minmay_misc_feat_roman, grunt_decor_one_mirror
D:2:      layout_basic, chequers_ecumenical_altar_simple, uniq_jessica

Skill      XL: |  1  2  3 |
---------------+----------+-----
Fighting       | 4 |  4.1
Short Blades   | 5 |  5.0
Armour         | |  1.5
Dodging        | |  2.4

Action                   || total
-------------------------++-------
Melee: Short sword       ||    70
       Dagger            ||    60
 Stab: Sleeping          ||     6
Armor: Animal skin       ||    22
Dodge: Dodged            ||    94

Table legend: (Time is in decaauts)
 A = Elapsed time spent in this place.
 B = Non-inter-level travel time spent in this place.
 C = Inter-level travel time spent in this place.
 D = Time resting spent in this place.
 E = Time spent auto-exploring this place.
 F = Levels seen in this place.
 G = Mean time per level.
                   A        B        C        D        E       F      G
               +--------+--------+--------+--------+--------+-----+--------+
         Total |   1675 |   1653 |     22 |      0 |   1433 |   2 |  837.5 |
       Dungeon |   1675 |   1653 |     22 |      0 |   1433 |   2 |  837.5 |
               +--------+--------+--------+--------+--------+-----+--------+

Top non-repeatable levels by time:
     D:1: 1607 daAuts
     D:2: 67 daAuts
